 Dungeon Crawl Stone Soup version 0.27-a0-1312-g5cdb2b3542 (webtiles) character file.

Game seed: 5612216304886530754

3841 Delamore the Spear-Bearer (level 10, -1/74 HPs)
             Began as a Formicid Fighter on June 20, 2021.
             Was an Initiate of Gozag.
             Slain by a skeletal warrior (22 damage)
             ... on level 7 of the Dungeon.
             The game lasted 00:11:57 (9912 turns).

Delamore the Spear-Bearer (Formicid Fighter)        Turns: 9912, Time: 00:11:58

Health: -1/74      AC: 10    Str: 25    XL:     10   Next: 41%
Magic:  10/10      EV:  9    Int:  7    God:    Gozag
Gold:   333        SH: 14    Dex: 10    Spells: 9/9 levels left

rFire    . . .     SeeInvis +   D - +5 trident (freeze)
rCold    . . .     Faith    .   i - +3 kite shield
rNeg     . . .     Spirit   .   b - +0 scale mail
rPois    .         Reflect  .   (helmet unavailable)
rElec    .         Harm     .   l - +1 cloak
rCorr    .         Rampage  .   (no gloves)
Will     +....                  o - +0 pair of boots
Stlth    ..........             (no amulet)
HPRegen  0.22/turn              (no ring)
MPRegen  0.12/turn              (no ring)

@: mighty, studying Polearms
A: permanent stasis, dig shafts and tunnels, antennae 3, four strong arms
a: Dig, Shaft Self, Renounce Religion, Potion Petition, Call Merchant, Bribe
Branch


You were on level 7 of the Dungeon.
You worshipped Gozag.
Gozag was aware of your devotion.
You visited 2 branches of the dungeon, and saw 9 of its levels.

You collected 478 gold pieces.
You paid 145 gold pieces to Gozag.

Inventory:

Hand Weapons
 D - a +5 trident of freezing (weapon)
Missiles
 h - a throwing net
 j - 3 boomerangs (quivered)
 q - 5 poisoned darts
Armour
 b - a +0 scale mail (worn)
 i - a +3 kite shield (worn)
 l - a +1 cloak (worn)
 o - a +0 pair of boots (worn)
 r - a scarf of shadows
 t - a +0 cloak
Wands
 p - a wand of flame (21)
 B - a wand of iceblast (11)
 C - a wand of polymorph (11)
Scrolls
 c - a scroll of amnesia
 e - 2 scrolls of holy word
 m - 2 scrolls of enchant armour
 u - a scroll of fog
 w - 5 scrolls of teleportation {unknown}
 y - a scroll of identify
Potions
 a - a potion of heal wounds {unknown}
 f - a potion of resistance
 g - 3 potions of curing
 k - a potion of magic {unknown}
 n - a potion of lignification {unknown}
 s - a potion of cancellation
 v - a potion of haste {unknown}
 x - a potion of attraction {unknown}
 z - a potion of degeneration {unknown}
 A - a potion of flight {unknown}


   Skills:
 + Level 5.3 Fighting
 - Level 14.0 Polearms
 - Level 6.0 Throwing
 + Level 3.8 Armour
 - Level 7.0 Shields


You had 9 spell levels left.
You didn't know any spells.
Your spell library contained the following spells:

 Spells                   Type           Power      Damage    Failure   Level
 Animate Skeleton         Necr           0%         N/A       86%         1
 Apportation              Tloc           0%         N/A       86%         1
 Beastly Appendage        Tmut           0%         N/A       86%         1
 Corona                   Hex            0%         N/A       86%         1
 Freeze                   Ice            0%         1d3       86%         1
 Summon Small Mammal      Summ           0%         N/A       86%         1
 Ensorcelled Hibernation  Hex/Ice        0%         N/A       94%         2
 Slow                     Hex            0%         N/A       94%         2
 Wereblood                Tmut           0%         N/A       94%         2
 Confusing Touch          Hex            0%         N/A       99%         3
 Dazzling Flash           Conj/Hex       0%         N/A       99%         3
 Frozen Ramparts          Ice            0%         1d2       99%         3
 Inner Flame              Hex/Fire       0%         N/A       99%         3
 Ozocubu's Armour         Ice            0%         N/A       99%         3
 Portal Projectile        Hex/Tloc       0%         N/A       99%         3
 Spider Form              Tmut/Pois      0%         N/A       99%         3
 Tukima's Dance           Hex            0%         N/A       99%         3
 Cause Fear               Hex            0%         N/A       100%        4
 Hailstorm                Conj/Ice       0%         3d3       100%        4
 Ice Form                 Ice/Tmut       0%         N/A       100%        4
 Leda's Liquefaction      Hex/Erth       0%         N/A       100%        4
 Metabolic Englaciation   Hex/Ice        0%         N/A       100%        5


Dungeon Overview and Level Annotations

Branches:
Dungeon (8/15)             Temple (1/1) D:5
   Lair: D:8-11

Altars:
Gozag
Makhleb
Ru
Sif Muna
Trog
Vehumet
The Shining One

Shops:
D:6 *[

Annotations:
D:6 1 runed translucent door, Thargor's ghost, novice DjFE


Innate Abilities, Weirdness & Mutations

You cannot be hasted, slowed, berserked, paralysed or teleported.
You can dig through walls and to a lower floor.
You have a pair of large antennae on your head. (SInv)
Your four strong arms can wield two-handed weapons with a shield.


Message History

Unknown command.
You throw a boomerang.
The boomerang hits the skeletal warrior but does no damage.
You throw a boomerang.
The boomerang hits the skeletal warrior.
The skeletal warrior is lightly damaged.
You throw a boomerang.
The boomerang hits the skeletal warrior but does no damage.
The skeletal warrior is lightly damaged.
You block the skeletal warrior's attack.
You barely miss the skeletal warrior.
You hit the skeletal warrior but do no damage.
The skeletal warrior hits you with a +0 flail!!
You closely miss the skeletal warrior.
You block the skeletal warrior's attack.
You hit the skeletal warrior but do no damage.
The skeletal warrior hits you with a +0 flail.
You barely miss the skeletal warrior. You closely miss the skeletal warrior.
You block the skeletal warrior's attack.
You puncture the skeletal warrior! You freeze the skeletal warrior.
The skeletal warrior is lightly damaged.
The skeletal warrior barely misses you.
There is a stone staircase leading up here.
The skeletal warrior hits you with a +0 flail!!
You climb upwards.
There is a stone staircase leading down here.
You feel very mighty all of a sudden.
The skeletal warrior hits you with a +0 flail!
* * * LOW HITPOINT WARNING * * *
You hit the skeletal warrior but do no damage.
The skeletal warrior is lightly damaged.
You hit the skeletal warrior.
The skeletal warrior is lightly damaged.
The skeletal warrior barely misses you.
You hit the skeletal warrior.
The skeletal warrior is moderately damaged.
The skeletal warrior hits you with a +0 flail!!
You die...
Your body crumbles into a pile of gold.

#...##(..........#
##..#............##
#...##............#
#..................
#.........)........
#####...............#
##.#.#................
#..............#......
##...@z......####.....
#.####......## ##)##.
### ##......# #.###
#.#...#####.###
###...........#
####......#..
###..###.. ##.###..
####...


You could see a skeletal warrior.

Vanquished Creatures
  Gastronok (D:8)
  Maurice (D:8)
  A wyvern (D:7)
  A steam dragon (D:7)
  An ice beast (D:7)
  2 ogres
  3 centaurs
  2 bullfrogs
  Blork the orc (D:5)
  A scorpion (D:4)
  A gnoll sergeant (D:6)
  A water moccasin skeleton (D:4)
  3 wights
  A bullfrog zombie (D:6)
  2 centaur zombies
  3 hounds
  2 jellies (D:4)
  A bullfrog skeleton (D:6)
  A centaur skeleton (D:6)
  An iguana (D:3)
  5 orc wizards
  A killer bee zombie (D:6)
  A hound skeleton (D:5)
  10 gnolls
  6 adders
  A shadow imp (D:5)
  2 ufetubi
  3 worms
  4 dart slugs
  24 orcs
  4 endoplasms
  7 giant cockroaches
  4 hobgoblins
  6 jackals
  6 kobolds
  5 quokkas
  3 ball pythons
  6 bats
  3 frilled lizards
  13 goblins
  9 rats
153 creatures vanquished.

Notes
Turn   | Place    | Note
-------+----------+-------------------------------------------
     0 | D:1      | Delamore the Formicid Fighter began the quest for the Orb.
     0 | D:1      | Reached XP level 1. HP: 18/18 MP: 1/1
    76 | D:1      | Reached XP level 2. HP: 24/24 MP: 2/2
   336 | D:1      | Reached XP level 3. HP: 24/30 MP: 3/3
   338 | D:1      | Reached skill level 3 in Polearms
   904 | D:2      | Reached XP level 4. HP: 35/37 MP: 4/4
  1027 | D:2      | Reached skill level 4 in Polearms
  1031 | D:2      | Reached XP level 5. HP: 13/42 MP: 5/5
  2646 | D:3      | Found a faded altar of an unknown god.
  2722 | D:3      | Reached XP level 6. HP: 41/49 MP: 6/6
  3227 | D:3      | Reached skill level 5 in Polearms
  3430 | D:4      | Reached skill level 5 in Fighting
  3914 | D:4      | Reached skill level 6 in Polearms
  3914 | D:4      | Reached XP level 7. HP: 49/56 MP: 7/7
  4960 | D:4      | Identified a scroll of acquirement
  4960 | D:4      | Acquired a manual of Polearms
  4979 | D:5      | Entered Level 5 of the Dungeon
  5070 | D:5      | Reached skill level 7 in Polearms
  5392 | D:5      | Reached skill level 8 in Polearms
  5814 | D:5      | Found a staircase to the Ecumenical Temple.
  5888 | D:5      | Noticed Blork the orc
  5907 | D:5      | Killed Blork the orc
  5908 | D:5      | Reached XP level 8. HP: 19/62 MP: 8/8
  6209 | D:5      | Reached skill level 1 in Throwing
  6601 | D:5      | Reached skill level 9 in Polearms
  7142 | D:6      | Found a runed translucent door.
  7142 | D:6      | Noticed Thargor's ghost (novice DjFE)
  7264 | D:6      | Found Rynejor's Antique Armour Emporium.
  7359 | D:6      | Found Pafaikk's General Store.
  7660 | D:6      | Reached skill level 10 in Polearms
  7660 | D:6      | Reached skill level 5 in Shields
  8507 | D:7      | Reached XP level 9. HP: 36/66 MP: 9/9
  8715 | D:7      | Reached skill level 11 in Polearms
  9379 | Temple   | Entered the Ecumenical Temple
  9393 | Temple   | Became a worshipper of Gozag Ym Sagoz the Greedy
  9532 | D:8      | Noticed Maurice
  9536 | D:8      | Killed Maurice
  9537 | D:8      | Reached skill level 12 in Polearms
  9622 | D:8      | Noticed a skeletal warrior
  9623 | D:8      | Noticed a skeletal warrior
  9718 | D:8      | Noticed Gastronok
  9739 | D:8      | Killed Gastronok
  9740 | D:8      | Reached skill level 14 in Polearms
  9740 | D:8      | Reached XP level 10. HP: 48/74 MP: 10/10
  9912 | D:7      | Slain by a skeletal warrior

Illustrated notes

Levels and vault maps discovered:
D:1:      mrwooster_arrival_arrow, layout_basic, hangedman_decor_riveting
D:2:      layout_loops_ring, serial_bayou_pond_c, kennysheep_generic_room_7
D:3:      layout_loops_cross, hellmonk_ecumenical_altar_dog_temple,
          minivault_11, lemuel_flame_loot_1
D:4:      minmay_wonky_spiral, layout_basic, grunt_decor_resistance
D:5:      layout_basic, minmay_temple_entry_mist, roderic_serpentine_path,
          minivault_1, uniq_blork_the_orc
D:6:      layout_basic, serial_shops, nicolae_shop_trees,
          hellmonk_ghost_happy_afterlife, nicolae_inconvenience_store,
          minmay_splitting_lines, minmay_misc_feat_ornament
D:7:      layout_cave_pools
D:8:      layout_loops_ring, kennysheep_generic_room_16, uniq_gastronok,
          uniq_maurice
Temple:   compressed_dpeg_circular_temple

Skill      XL: |  1  2  3  4  5  6  7  8  9 |
---------------+----------------------------+-----
Polearms       | 3 4 6 8 10 14 | 14.0
Fighting       | 4 5 |  5.3
Throwing       | 3 6 |  6.0
Shields        | 5 7 |  7.0
Armour         | |  3.8

Action                   |  1- 3 |  4- 6 |  7- 9 | 10-12 || total
-------------------------+-------+-------+-------+-------++-------
Melee: Trident           |   100 |   200 |   234 |    10 ||   544
       Spear             |       |       |    86 |       ||    86
Throw: Boomerang         |       |     3 |    16 |     3 ||    22
       Dart              |       |       |    17 |       ||    17
 Abil: Dig               |       |     5 |     3 |       ||     8
Evoke: Wand              |       |       |     4 |       ||     4
  Use: Scroll            |     1 |     6 |     6 |       ||    13
       Potion            |       |     1 |     1 |     1 ||     3
 Stab: Paralysed         |       |       |     4 |       ||     4
Armor: Scale mail        |    29 |    50 |    72 |       ||   151
Dodge: Dodged            |    27 |    44 |    68 |     2 ||   141
Block: Kite shield       |    55 |    98 |   164 |     3 ||   320

Table legend: (Time is in decaauts)
 A = Elapsed time spent in this place.
 B = Non-inter-level travel time spent in this place.
 C = Inter-level travel time spent in this place.
 D = Time resting spent in this place.
 E = Time spent auto-exploring this place.
 F = Levels seen in this place.
 G = Mean time per level.
                   A        B        C        D        E       F      G
               +--------+--------+--------+--------+--------+-----+--------+
         Total |  10010 |   9462 |    548 |   2096 |   5891 |   9 | 1112.2 |
       Dungeon |   9988 |   9450 |    538 |   2096 |   5886 |   8 | 1248.5 |
        Temple |     22 |     13 |      9 |      0 |      5 |   1 |   22.0 |
               +--------+--------+--------+--------+--------+-----+--------+

Top non-repeatable levels by time:
     D:6: 1879 daAuts
     D:5: 1814 daAuts
     D:4: 1655 daAuts
     D:2: 1368 daAuts
     D:3: 1208 daAuts
     D:1: 859 daAuts
     D:7: 789 daAuts
     D:8: 413 daAuts
  Temple: 22 daAuts
